 Dungeon Crawl Stone Soup version 0.28-a0-1152-g9c71ebef14 (webtiles) character file.

Game seed: 18358471424638788282

749 siradein the Chiller (level 7, -2/57 HPs)
             Began as a Ghoul Ice Elementalist on Dec 14, 2021.
             Slain by a wyvern skeleton (9 damage)
             ... on level 5 of the Dungeon.
             The game lasted 00:13:01 (5635 turns).

siradein the Chiller (Ghoul Ice Elementalist)       Turns: 5635, Time: 00:13:02

Health: -2/57      AC:  9    Str: 14    XL:     7   Next: 78%
Magic:  20/20      EV: 10    Int: 13    God:
Gold:   58         SH:  5    Dex:  9    Spells: 5/12 levels left

rFire   . . .      SeeInvis .   c - +1 dagger (venom)
rCold   + . .      Faith    .   (no shield)
rNeg    + + +      Spirit   .   w - +1 scale mail of Resourcefulness {rCorr Int+3}
rPois   ∞          Reflect  +   s - +0 hat
rElec   .          Harm     .   (no cloak)
rCorr   +          Rampage  .   (no gloves)
Will    .....                   (no boots)
Stlth   ..........              e - amulet of reflection
HPRegen 0.00/turn               n - ring of wizardry
MPRegen 0.17/turn               t - ring of magical power

@: ice-armoured, inhibited regen
A: claws 1, cold resistance 1, negative energy resistance 3, inhibited
regeneration, torment resistance 2
a: no special abilities


You were on level 5 of the Dungeon.
You visited 2 branches of the dungeon, and saw 6 of its levels.

You collected 202 gold pieces.
You spent 144 gold pieces at shops.

Inventory:

Hand Weapons
 c - a +1 dagger of venom (weapon)
 p - a +0 halberd
Missiles
 m - 5 poisoned darts
Armour
 s - a +0 hat (worn)
 w - the +1 scale mail of Resourcefulness (worn) {rCorr Int+3}
   (You bought it in a shop on level 4 of the Dungeon)

   Int:       It affects your intelligence (+3).
   rCorr:     It protects you from acid and corrosion.
Jewellery
 b - a ring of wizardry
 e - an amulet of reflection (around neck)
 n - a ring of wizardry (left claw)
 o - a ring of fire
 t - a ring of magical power (right claw)
Wands
 l - a wand of mindburst (21)
 r - a wand of acid (6)
Scrolls
 d - 3 scrolls of magic mapping {unknown}
 f - a scroll of brand weapon {unknown}
 j - a scroll of identify {unknown}
 k - 2 scrolls of teleportation {unknown}
 u - a scroll of vulnerability {unknown}
 x - a scroll of enchant armour {unknown}
Potions
 a - 3 potions of brilliance {unknown}
 g - a potion of invisibility {unknown}
 h - 2 potions of might {unknown}
 i - a potion of haste
 q - a potion of lignification {unknown}
 v - a potion of heal wounds {unknown}


   Skills:
 + Level 3.5 Fighting
 + Level 2.8 Armour
 + Level 3.6 Dodging
 - Level 2.1 Stealth
 + Level 3.4 Spellcasting
 + Level 5.8 Ice Magic
 + Level 2.2 Evocations


You had 5 spell levels left.
You knew the following spells:

 Your Spells              Type           Power      Damage    Failure   Level
a - Freeze                Ice            68%        1d8       3%          1
b - Frozen Ramparts       Ice            34%        1d5       11%         3
c - Ozocubu's Armour      Ice            17%        N/A       11%         3

Your spell library contained the following spells:

 Spells                   Type           Power      Damage    Failure   Level
 Ensorcelled Hibernation  Hex/Ice        18%        N/A       16%         2
 Gell's Gravitas          Tloc           2%         N/A       69%         3
 Teleport Other           Tloc           2%         N/A       69%         3
 Tukima's Dance           Hex            2%         N/A       69%         3
 Hailstorm                Conj/Ice       9%         3d4       69%         4
 Dispersal                Tloc           1%         N/A       100%        6


Dungeon Overview and Level Annotations

Branches:
Dungeon (5/15)             Temple (1/1) D:4

Altars:
Ashenzari
Elyvilon
Fedhas
Nemelex Xobeh
Okawaru
Qazlal
Ru
Sif Muna
Trog
Wu Jian
Xom
Zin
The Shining One

Shops:
D:1 =   D:4 **


Innate Abilities, Weirdness & Mutations

You thrive by killing the living.
You are immune to poison.
You have sharp fingernails.
Your flesh is cold resistant. (rC+)
You are immune to negative energy. (rN+++)
You do not regenerate when monsters are visible.
You are immune to unholy pain and torment.


Message History

You hit the wyvern skeleton.
The wyvern skeleton is moderately damaged.
The wyvern skeleton closely misses you.
You barely miss the wyvern skeleton.
The wyvern skeleton is moderately damaged.
The wyvern skeleton bites you!
You barely miss the wyvern skeleton.
The wyvern skeleton is moderately damaged.
You block the wyvern skeleton's attack.
You hit the wyvern skeleton.
The wyvern skeleton is moderately damaged.
You block the wyvern skeleton's attack. The wyvern skeleton bites you.
You hit the wyvern skeleton.
The wyvern skeleton is moderately damaged.
The wyvern skeleton bites you.
Your scale mail of Resourcefulness prevents you from hitting the wyvern skeleton.
The wyvern skeleton is moderately damaged.
You block the wyvern skeleton's attack.
You hit the wyvern skeleton.
The wyvern skeleton is heavily damaged.
You block the wyvern skeleton's attack. The wyvern skeleton barely misses you.
You hit the wyvern skeleton but do no damage.
The wyvern skeleton is heavily damaged.
The wyvern skeleton bites you.
You barely miss the wyvern skeleton.
The wyvern skeleton is heavily damaged.
You block the wyvern skeleton's attack.
You hit the wyvern skeleton.
The wyvern skeleton is heavily damaged.
The wyvern skeleton bites you. The wyvern skeleton bites you!
You are too injured to fight recklessly!
You are too injured to fight recklessly!
You hit the wyvern skeleton.
The wyvern skeleton is heavily damaged.
The wyvern skeleton bites you!
* * * LOW HITPOINT WARNING * * *
You hit the wyvern skeleton.
The wyvern skeleton is severely damaged.
The wyvern skeleton bites you!
You die...

## ..# #.#
#.# #.# ###
#.######.....
#..).@Z......
#..#######...
#..# #..#
#..# #..#
#..# #..#
#<.###


You could see a wyvern skeleton.

Vanquished Creatures
  A black bear (D:4)
  A centaur (D:5)
  A phantom (D:4)
  A howler monkey (D:4)
  A centaur skeleton (D:5)
  3 orc priests
  2 iguanas
  Natasha (thrice) (D:2)
  2 orc wizards (D:4)
  7 gnolls (D:3)
  2 adders
  A dart slug (D:1)
  10 orcs
  5 endoplasms
  3 giant cockroaches
  8 goblins
  2 hobgoblins
  5 jackals (D:3)
  7 kobolds
  A quokka (D:2)
  9 ball pythons
  7 bats
  A frilled lizard (D:2)
  11 rats
94 creatures vanquished.

Vanquished Creatures (others)
  4 plants
4 creatures vanquished.

Grand Total: 98 creatures vanquished

Notes
Turn   | Place    | Note
-------+----------+-------------------------------------------
     0 | D:1      | siradein the Ghoul Ice Elementalist began the quest for the
                  | Orb.
     0 | D:1      | Reached XP level 1. HP: 14/14 MP: 2/2
   165 | D:1      | Reached XP level 2. HP: 22/22 MP: 3/3
   234 | D:1      | Found Metuptes's Jewellery Shop.
   319 | D:1      | Found a faded altar of an unknown god.
   516 | D:1      | Reached skill level 1 in Fighting
   603 | D:1      | Reached XP level 3. HP: 28/28 MP: 5/5
   905 | D:2      | Reached skill level 1 in Armour
   926 | D:2      | Noticed Natasha
   935 | D:2      | Killed Natasha
   936 | D:2      | Reached XP level 4. HP: 29/35 MP: 6/6
   950 | D:2      | Noticed Natasha
   960 | D:2      | Killed Natasha
   964 | D:2      | Noticed Natasha
   974 | D:2      | Killed Natasha
  1610 | D:2      | Reached XP level 5. HP: 41/41 MP: 7/7
  1617 | D:2      | Learned a level 3 spell: Frozen Ramparts
  1621 | D:2      | Learned a level 3 spell: Ozocubu's Armour
  1741 | D:2      | Reached skill level 5 in Ice Magic
  2529 | D:3      | Reached skill level 1 in Evocations
  2529 | D:3      | Reached XP level 6. HP: 49/49 MP: 7/9
  3216 | D:4      | Found Dujef Zia's Assorted Antiques.
  3347 | D:4      | Noticed a black bear
  3366 | D:4      | Killed a black bear
  3834 | D:4      | Reached XP level 7. HP: 5/57 MP: 10/10
  4179 | D:4      | Found a staircase to the Ecumenical Temple.
  4206 | Temple   | Entered the Ecumenical Temple
  4811 | D:4      | Found Urghuxiu's Assorted Antiques.
  4852 | D:4      | Bought a shimmering scale mail for 144 gold pieces
  4852 | D:4      | Identified the +1 scale mail of Resourcefulness {rCorr
                  | Int+3} (You bought it in a shop on level 4 of the Dungeon)
  5410 | D:5      | Entered Level 5 of the Dungeon
  5635 | D:5      | Slain by a wyvern skeleton

Illustrated notes

Levels and vault maps discovered:
D:1:      eino_arrival_water_cross, layout_rooms, serial_shops,
          nicolae_shop_behind_doors,
          dreamdust_ecumenical_altar_hidden_monk_grotto
D:2:      layout_basic, serial_forest, infiniplex_forest_lined_3_way,
          infiniplex_forest_lined_4_way, infiniplex_forest_lined_room_,
          infiniplex_forest_lined_2, uniq_natasha
D:3:      layout_basic, serial_bayou_pond_a,
          nicolae_concentric_dashed_squares_mild
D:4:      layout_basic, minmay_temple_entry_waves, serial_shops,
          nicolae_diamond_shop, nicolae_shop_window_shopping,
          minmay_close_crescents
D:5:      layout_loops_ring, old_standard_altar, hellmonk_ghost_happy_afterlife,
          kennysheep_boxes, uniq_eustachio
Temple:   oiseaux_autumnal_temple

Skill      XL: |  1  2  3  4  5  6  7 |
---------------+----------------------+-----
Dodging        | 2 3 |  3.6
Spellcasting   | 2 3 |  3.4
Fighting       | 1 2 3 |  3.5
Armour         | 1 2 |  2.8
Ice Magic      | 5 |  5.8
Evocations     | 1 2 |  2.2
Stealth        | |  2.1

Action                   |  1- 3 |  4- 6 |  7- 9 || total
-------------------------+-------+-------+-------++-------
Melee: Dagger            |    91 |   196 |    73 ||   360
       Halberd           |       |    24 |    20 ||    44
 Cast: Freeze            |       |       |     4 ||     4
       Ozocubu's Armour  |       |       |     1 ||     1
       Frozen Ramparts   |       |       |     1 ||     1
Armor: Plate armour      |    63 |   147 |    27 ||   237
       Scale mail        |       |       |    27 ||    27
Dodge: Dodged            |    10 |    43 |    36 ||    89
Block: Other             |    17 |    58 |    23 ||    98
       Reflection        |       |     1 |       ||     1

Table legend: (Time is in decaauts)
 A = Elapsed time spent in this place.
 B = Non-inter-level travel time spent in this place.
 C = Inter-level travel time spent in this place.
 D = Time resting spent in this place.
 E = Time spent auto-exploring this place.
 F = Levels seen in this place.
 G = Mean time per level.
                   A        B        C        D        E       F      G
               +--------+--------+--------+--------+--------+-----+--------+
         Total |   5677 |   5505 |    172 |    507 |   4014 |   6 |  946.2 |
       Dungeon |   5224 |   5086 |    138 |    507 |   3608 |   5 | 1044.8 |
        Temple |    452 |    418 |     34 |      0 |    405 |   1 |  452.0 |
               +--------+--------+--------+--------+--------+-----+--------+

Top non-repeatable levels by time:
     D:4: 1897 daAuts
     D:2: 1217 daAuts
     D:3: 1144 daAuts
     D:1: 740 daAuts
  Temple: 452 daAuts
     D:5: 224 daAuts
